 Dungeon Crawl Stone Soup version 0.28-a0-691-gad6df49e81 (webtiles) character file.

Game seed: 5612206547769351999

93 timneilson the Covered (level 4, -5/29 HPs)
             Began as a Gargoyle Fighter on Oct 20, 2021.
             Was an Initiate of Okawaru.
             Killed from afar by Ijyb (16 damage)
             ... with a bolt of acid
             ... on level 3 of the Dungeon.
             The game lasted 00:04:26 (2098 turns).

timneilson the Covered (Gargoyle Fighter)           Turns: 2098, Time: 00:04:26

Health: -5/29      AC:  7    Str: 20    XL:     4   Next: 61%
Magic:  4/4        EV:  9    Int:  9    God:    Okawaru [......]
Gold:   119        SH:  4    Dex:  9    Spells: 3/3 levels left

rFire   . . .      SeeInvis .   a - +0 long sword
rCold   . . .      Faith    .   c - +0 buckler
rNeg    + . .      Spirit   .   b - +0 scale mail
rPois   ∞          Reflect  .   (no helmet)
rElec   +          Harm     .   f - scarf {repulsion}
rCorr   .          Rampage  .   l - +0 pair of gloves
Will    .....                   (no boots)
Stlth   ..........              (no amulet)
HPRegen 0.09/turn               (no ring)
MPRegen 0.09/turn               (no ring)

@: mighty, corroded, repel missiles
A: sickness immunity, AC +3, negative energy resistance 1, electricity
resistance, torment resistance 1, petrification resistance
a: Renounce Religion


You were on level 3 of the Dungeon.
You worshipped Okawaru.
Okawaru was noncommittal.
You visited 1 branch of the dungeon, and saw 3 of its levels.

You collected 119 gold pieces.

Inventory:

Hand Weapons
 a - a +0 long sword (weapon)
Armour
 b - a +0 scale mail (worn)
 c - a +0 buckler (worn)
 f - a scarf of repulsion (worn)
 l - a +0 pair of gloves (worn)
Wands
 k - a wand of iceblast (3)
Scrolls
 h - 3 scrolls of fear
Potions
 e - a potion of curing
 g - a potion of heal wounds {unknown}
 i - a potion of ambrosia {unknown}
 j - a potion of attraction {unknown}


   Skills:
 + Level 3.7 Fighting
 * Level 2.6 Long Blades
 * Level 4.1 Armour
 + Level 0.7 Dodging
 * Level 4.0 Shields
 + Level 0.0 Invocations
 + Level 0.0 Evocations


You had 3 spell levels left.
You didn't know any spells.
Your spell library was empty.

Dungeon Overview and Level Annotations

Branches:
Dungeon (3/15)

Altars:
Okawaru
Wu Jian

Shops:
D:1 [   D:3 ?

Annotations:
D:3 Ijyb


Innate Abilities, Weirdness & Mutations

You are immune to sickness and miasma.
Your stone body is resilient. (AC +3)
You are immune to poison.
You resist negative energy. (rN+)
You are resistant to electric shocks. (rElec)
You are resistant to unholy torment.
You are immune to petrification.


Message History

l - a +0 pair of gloves You start putting on your armour.
You continue putting on your +0 pair of gloves. x4
You finish putting on your +0 pair of gloves.
You open the door.
Found Faof's Magic Scroll Emporium.
There is an open door here.
There is an entrance to Faof's Magic Scroll Emporium here.
You can access your shopping list by pressing '$'.
You open the door.
There is an open door here.
You open the door.
There is an entrance to Faof's Magic Scroll Emporium here.
There is an open door here.
A rat and an orc come into view.
The orc shouts!
The rat moves out of view.
Ijyb the Twisted Goblin comes into view.
She is wielding a +4 spectral club and carrying a wand of acid (11).
Ijyb shouts!
A dart slug comes into view.
Ijyb zaps a wand.
The bolt of acid hits the orc!!
The acid corrodes the orc!
The orc dies!
The bolt of acid misses you. The dart slug launches a dart at you.
The slug dart is repelled.
There is an open door here.
You open the door.
There is an open door here.
You hit the rat.
You kill the rat!
Okawaru accepts your kill.
Ijyb zaps a wand.
The bolt of acid hits you!!
Ouch! That really hurt!
* * * LOW HITPOINT WARNING * * *
The acid corrodes you!
You feel better.
You feel very mighty all of a sudden.
Ijyb zaps a wand.
The bolt of acid hits you!
Ouch! That really hurt!
You die...

#._...8.# # #...#...# !# #
######.##....# # #.8.#...#....#
# #......8# ...# #.# #
#...#...# ...# #.# # ##'######
..# #.####
########..#########.####.#..#.#
)...............@g.......#..#.#
.##################..###.#..#.#
.# ...... ##.###.#..#.# .#
#....###..##.#..#.# .#
#.g..+..........#.# .#
#...r####..#.#.##.# .#
#...)####'##.#....# .#
#.....#.'∩'..###### .#
#...#.r.#'#..#


You could see Ijyb.

Vanquished Creatures
  3 adders
  A worm (D:2)
  A dart slug (D:1)
  2 orcs (D:3)
  3 endoplasms
  6 goblins
  3 hobgoblins
  6 jackals
  10 kobolds
  3 quokkas
  3 ball pythons
  7 bats
  A frilled lizard (D:1)
  8 rats
57 creatures vanquished.

Vanquished Creatures (others)
  An orc (D:3)
  3 plants (D:1)
4 creatures vanquished.

Grand Total: 61 creatures vanquished

Notes
Turn   | Place    | Note
-------+----------+-------------------------------------------
     0 | D:1      | timneilson the Gargoyle Fighter began the quest for the
                  | Orb.
     0 | D:1      | Reached XP level 1. HP: 14/14 MP: 1/1
   207 | D:1      | Found Nunaleng's Antique Armour Boutique.
   246 | D:1      | Reached XP level 2. HP: 19/19 MP: 2/2
   430 | D:1      | Reached XP level 3. HP: 23/23 MP: 3/3
   508 | D:1      | Found a faded altar of an unknown god.
  1223 | D:2      | Reached XP level 4. HP: 28/28 MP: 4/4
  1882 | D:3      | Found an iron altar of Okawaru.
  1889 | D:3      | Became a worshipper of Warmaster Okawaru
  2022 | D:3      | Found an ornate altar of the Wu Jian Council.
  2070 | D:3      | Found Faof's Magic Scroll Emporium.
  2079 | D:3      | Noticed Ijyb
  2098 | D:3      | Killed from afar by Ijyb

Illustrated notes

Levels and vault maps discovered:
D:1:      dpeg_arrival_prison, layout_loops_ring, serial_shops, shop,
          shapermc_ecumenical_altar_mp_ritualfount, amethyst_killhole
D:2:      layout_loops_cross, nrook_mini_backslash
D:3:      layout_basic, mainiacjoe_overflow_six_doors_small,
          nicolae_wu_jian_immortal_techniques, serial_shops,
          nicolae_shop_behind_doors, uniq_ijyb, uniq_crazy_yiuf_cottage

Skill      XL: |  1  2  3  4 |
---------------+-------------+-----
Long Blades    | 2 |  2.6
Armour         | 4 |  4.1
Shields        | 4 |  4.0
Fighting       | |  3.7
Dodging        | |  0.7

Action                   |  1- 3 |  4- 6 || total
-------------------------+-------+-------++-------
Melee: Long sword        |   123 |    39 ||   162
  Use: Scroll            |     3 |     1 ||     4
       Potion            |       |     2 ||     2
Armor: Scale mail        |    74 |    20 ||    94
Dodge: Dodged            |    64 |    13 ||    77
       Repelled          |       |     1 ||     1
Block: Buckler           |    28 |     4 ||    32

Table legend: (Time is in decaauts)
 A = Elapsed time spent in this place.
 B = Non-inter-level travel time spent in this place.
 C = Inter-level travel time spent in this place.
 D = Time resting spent in this place.
 E = Time spent auto-exploring this place.
 F = Levels seen in this place.
 G = Mean time per level.
                   A        B        C        D        E       F      G
               +--------+--------+--------+--------+--------+-----+--------+
         Total |   2145 |   2120 |     25 |      0 |   1586 |   3 |  715.0 |
       Dungeon |   2145 |   2120 |     25 |      0 |   1586 |   3 |  715.0 |
               +--------+--------+--------+--------+--------+-----+--------+

Top non-repeatable levels by time:
     D:1: 916 daAuts
     D:2: 780 daAuts
     D:3: 449 daAuts
